 Dungeon Crawl Stone Soup version 0.29.0-3-gbb0933ed62 (webtiles) character file.

Game seed: 9927679995679925203

96 GigaChad the Grave Robber (level 4, -1/31 HPs)
             Began as a Vampire Necromancer on Aug 25, 2022.
             Slain by a hound (4 damage)
             ... on level 4 of the Dungeon.
             The game lasted 00:08:55 (3233 turns).

GigaChad the Grave Robber (Vampire Necromancer)     Turns: 3233, Time: 00:08:56

Health: -1/31      AC:  2    Str:  7    XL:     4   Next: 41%
Magic:  5/8        EV: 12    Int: 17    God:
Gold:   134        SH:  0    Dex: 16    Spells: 7/8 levels left

rFire   . . .      SeeInvis +   d - +0 rapier
rCold   . . .      Faith    .   (no shield)
rNeg    . . .      Spirit   .   a - +0 robe
rPois   .          Reflect  .   (no helmet)
rElec   .          Harm     .   (no cloak)
rCorr   .          Rampage  .   (no gloves)
Will    .....                   (no boots)
Stlth   ++........              (no amulet)
HPRegen 0.30/turn               (no ring)
MPRegen 0.11/turn               (no ring)

@: healing quickly
A: alive, fangs 3, see invisible, vampiric 2
a: Exsanguinate


You were on level 4 of the Dungeon.
You visited 1 branch of the dungeon, and saw 4 of its levels.

You collected 134 gold pieces.

Inventory:

Hand Weapons
 c - a +0 battleaxe
 d - a +0 rapier (weapon)
 l - the +7 mace of Loseomoc {chaos, rN+ Int-5 Dex+2}
   (You found it on level 2 of the Dungeon)

   Each time it hits an enemy it has a different, random effect.
   Int:       It affects your intelligence (-5).
   Dex:       It affects your dexterity (+2).
   rN:        It protects you from negative energy.
 r - a +1 whip of electrocution
Missiles
 e - 5 atropa-tipped darts
 h - 9 poisoned darts
Armour
 a - a +0 robe (worn)
Jewellery
 m - a ring of protection from cold
Wands
 g - a wand of flame (14)
Scrolls
 i - 2 scrolls of identify
 j - a scroll of poison
 n - a scroll of immolation {unknown}
 o - 2 scrolls of fog {unknown}
 p - a scroll of magic mapping {unknown}
 q - a scroll of teleportation {unknown}
Potions
 b - 2 potions of curing {unknown}
 f - a potion of magic
 k - a potion of berserk rage {unknown}


   Skills:
 + Level 0.3 Fighting
 + Level 0.6 Short Blades
 + Level 2.5 Dodging
 + Level 3.2 Stealth
 + Level 0.4 Unarmed Combat
 + Level 2.8 Spellcasting
 + Level 5.4 Necromancy


You had 7 spell levels left.
You knew the following spells:

 Your Spells              Type           Power      Damage    Failure   Level
a - Necrotise             Necr           84%        1d8       1%          1

Your spell library contained the following spells:

 Spells                   Type           Power      Damage    Failure   Level
 Vampiric Draining        Necr           21%        2d7       5%          3
 Freeze                   Ice            8%         1d3       19%         1
 Shock                    Conj/Air       8%         1d3       19%         1
 Animate Dead             Necr           21%        N/A       19%         4
 Agony                    Necr           21%        N/A       45%         5
 Dazzling Flash           Conj/Hex       4%         N/A       47%         3
 Frozen Ramparts          Ice            4%         1d1       47%         3
 Swiftness                Air            2%         N/A       47%         3
 Airstrike                Air            1%         2d(1-17)  87%         4
 Hailstorm                Conj/Ice       2%         3d3       87%         4
 Iskenderun's Mystic Bla  Conj/Tloc      2%         2d3       87%         4
 Starburst                Conj/Fire      1%         6d3       100%        6


Dungeon Overview and Level Annotations

Branches:
Dungeon (4/15)
 Temple: D:4-7

Altars:

Shops:
D:3 :


Innate Abilities, Weirdness & Mutations

Your natural rate of healing is accelerated.
You have razor-sharp teeth.
You have supernaturally acute eyesight. (SInv)
You are afflicted with vampirism and can become a bat while bloodless.


Message History

A gnoll comes into view. It is wielding a +0 whip.
Found a falchion.
The gnoll shouts! x2; You hear a shout!
The gnoll writhes in agony.
The gnoll shouts!
The hound barks!
The gnoll writhes in agony.
The gnoll writhes in agony.
You kill the gnoll!
The dead are walking!
The hound bites your gnoll skeleton.
A kobold comes into view. It is wielding a +0 short sword.
The hound bites your gnoll skeleton.
The gnoll hits your gnoll skeleton with a +0 whip!
Your gnoll skeleton is destroyed!
The hound writhes in agony.
The hound barely misses you.
The hound writhes in agony.
The hound bites you. The hound barely misses you.
The gnoll hits you with a +0 whip! The hound barely misses you.
You hit the hound. Your bite misses the hound.
The hound is heavily wounded.
The hound closely misses you.
You puncture the hound!
The hound is almost dead.
The hound bites you. The hound closely misses you.
You barely miss the hound.
The hound is almost dead.
The hound bites you.
You closely miss the hound.
The hound is almost dead.
The hound closely misses you. The hound bites you.
You barely miss the hound.
The hound is almost dead.
The hound bites you. x2
* * * LOW HITPOINT WARNING * * *
You hit the hound.
The hound is almost dead.
The hound bites you.
* * * LOW HITPOINT WARNING * * *
A ball python comes into view.
The hound bites you.
You die...

### #<# #.# #.#
#.# #.# # #@# ..
#h# ##.
#g########
....###gK...!...
#...S..#######
##.....####
#........#
...............
..#......).....


You could see a hound, 2 gnolls, a ball python (wandering) and a kobold.

Vanquished Creatures
  A gnoll (D:4)
  An adder (D:3)
  A white imp (D:3)
  3 dart slugs
  3 orcs (D:3)
  5 ball pythons
  6 bats
  7 endoplasms
  4 goblins
  4 hobgoblins
  3 jackals (D:2)
  5 quokkas
  5 kobolds
  7 rats
55 creatures vanquished.

Vanquished Creatures (collateral kills)
  A ball python (D:1)
  A frilled lizard (D:2)
  A rat (D:3)
3 creatures vanquished.

Grand Total: 58 creatures vanquished

Notes
Turn   | Place    | Note
-------+----------+-------------------------------------------
     0 | D:1      | GigaChad the Vampire Necromancer began the quest for the
                  | Orb.
     0 | D:1      | Reached XP level 1. HP: 13/13 MP: 3/3
   172 | D:1      | Reached XP level 2. HP: 19/19 MP: 3/5
   724 | D:1      | Reached skill level 5 in Necromancy
  1019 | D:1      | Gained mutation: You are afflicted with vampirism and can
                  | become a bat while bloodless. [Vampire growth]
  1019 | D:1      | Reached XP level 3. HP: 24/24 MP: 3/6
  1217 | D:2      | Found a faded altar of an unknown god.
  1266 | D:2      | Identified the +7 mace of Loseomoc {chaos, rN+ Int-5 Dex+2}
  2048 | D:3      | HP: 1/24 [poisoned by an adder]
  2240 | D:3      | Reached XP level 4. HP: 4/30 MP: 4/7
  2779 | D:3      | Found Gulun's Book Emporium.
  3233 | D:4      | Slain by a hound

Illustrated notes

Levels and vault maps discovered:
D:1:      wheals_arrival_shading, layout_loops_corners, nrook_loot_triangle
D:2:      layout_loops_ring, hellmonk_ecumenical_altar_inner_sanctum
D:3:      layout_basic, mainiacjoe_overflow_concentric_impassable, serial_shops,
          nicolae_diamond_shop
D:4:      layout_basic, mainiacjoe_overflow_small_starburst,
          mainiacjoe_overflow_boulevard, minmay_temple_entry_poolview,
          minmay_manual_monstrance

Skill      XL: |  1  2 |
---------------+-------+-----
Necromancy     | 5 |  5.4
Fighting       | |  0.3
Short Blades   | |  0.6
Dodging        | |  2.5
Stealth        | |  3.2
Unarmed Combat | |  0.4
Spellcasting   | |  2.8

Action                   |  1- 3 |  4- 6 || total
-------------------------+-------+-------++-------
Melee: Unarmed           |     4 |       ||     4
       Battleaxe         |    10 |       ||    10
       Bite              |     3 |     2 ||     5
       Rapier            |    49 |    17 ||    66
       Punch             |       |     2 ||     2
 Cast: Necrotise         |    56 |    14 ||    70
  Use: Potion            |     1 |       ||     1
       Scroll            |     1 |       ||     1
Armor: Robe              |    15 |     3 ||    18
Dodge: Dodged            |    60 |    20 ||    80
